 Dungeon Crawl Stone Soup version 0.31-a0-175-g9f7f995f2b (webtiles) character file.

Game seed: 7761600585271490884

61 qw the Chopper (level 4, -20/28 HPs)
             Began as a Gargoyle Fighter on June 17, 2023.
             Demolished by an ogre
             ... wielding a +0 giant club
              (32 damage)
             ... on level 3 of the Dungeon.
             The game lasted 00:00:42 (1333 turns).

qw the Chopper (Gargoyle Fighter)                   Turns: 1333, Time: 00:00:43

Health: -20/28     AC: 10    Str: 28    XL:     4   Next: 7%
Magic:  4/4        EV:  9    Int:  8    God:
Gold:   77         SH:  4    Dex:  9    Spells: 3/3 levels left

rFire   . . .        Y - +0 war axe
rCold   . . .        c - +0 buckler
rNeg    + . .        b - +0 scale mail
rPois   inf          (no helmet)
rElec   +            j - scarf {repulsion}
rCorr   .            (no gloves)
SInv    .            (no boots)
Will    .....        (no amulet) Stlth
                     e - +6 ring of strength
HPRegen 0.24/turn    (no ring)
MPRegen 0.09/turn

%: repel missiles
@: no status effects
A: sickness immunity, AC +3, negative energy resistance 1, electricity
resistance, torment resistance 1, petrification resistance
a: no special abilities


You were on level 3 of the Dungeon.
You visited 1 branch of the dungeon, and saw 3 of its levels.

You collected 77 gold pieces.


Innate Abilities, Weirdness & Mutations

You are immune to sickness and miasma.
Your stone body is resilient. (AC +3)
You are immune to poison.
You resist negative energy. (rN+)
You are resistant to electric shocks. (rElec)
You are resistant to unholy torment.
You are immune to petrification.


   Skills:
 - Level 3.2 Fighting
 + Level 3.8 Axes
 - Level 3.2 Armour
 - Level 3.2 Shields


You had 3 spell levels left.
You didn't know any spells.
Your spell library was empty.

Inventory:

Hand Weapons
 i - a +0 whip
 Y - a +0 war axe (weapon)
Armour
 b - a +0 scale mail (worn)
 c - a +0 buckler (worn)
 j - a scarf of repulsion (worn)
Jewellery
 e - a +6 ring of strength (left hand)
Scrolls
 a - a scroll of identify
Potions
 d - a potion of might
 f - a potion of mutation {unknown}
 g - a potion of brilliance {unknown}

Dungeon Overview and Level Annotations

Branches:
Dungeon (3/15)

Altars:
Qazlal

Annotations:
D:3 exclusion: 3 orcs


Message History

The orc shouts!
A kobold comes into view. It is wielding a +0 club.
The orc moves out of view.
The kobold shouts!
The kobold throws a stone.
The stone misses you.
There is a large open door here.
You barely miss the orc.
An ogre comes into view. It is wielding a +0 giant club.
You slash the orc!
You kill the orc!
You have reached level 4!
You feel stronger.
You slash the orc!
You kill the orc!
You closely miss the kobold. The kobold closely misses you.
The kobold hits you but does no damage.
You slash the kobold!
You kill the kobold!
You hit the ogre.
The ogre is moderately wounded.
You block the ogre's attack.
You hit the ogre.
The ogre is moderately wounded.
The ogre hits you with a +0 giant club!
You barely miss the ogre.
The ogre is moderately wounded.
The ogre hits you but does no damage.
You hit the ogre.
The ogre is moderately wounded.
The ogre hits you with a +0 giant club!!
Ouch! That really hurt!
1331 ||| DRINKING potion of heal wounds.
You feel much better.
You slash the ogre!
The ogre is severely wounded.
The ogre hits you with a +0 giant club!
You barely miss the ogre.
The ogre is severely wounded.
The ogre hits you with a +0 giant club!!
Ouch! That really hurt!
You die...

.¤.....#
~¤~~¤~~.#####
..¤.¤.¤.....
~~¤~~.~¤...
~...~.~... .._.~.¤..
~...~.¤o##########
~~~~~o¤.##@......#
......¤¤.#O......#
~¤~~~~¤.¤))...)./+
.....¤¤.##.......####
.....#####..........#
.....+...........##.#
#... #####.......<..#
#... #.......####
#####....#


You could see an ogre.

Vanquished Creatures
  An adder (D:2)
  2 orcs (D:3)
  2 bats (D:2)
  4 endoplasms (D:1)
  4 giant cockroaches (D:1)
  3 goblins
  11 jackals
  2 quokkas (D:1)
  A ball python (D:1)
  4 frilled lizards (D:1)
  4 kobolds
  6 rats
44 creatures vanquished.

Notes
Turn   | Place    | Note
-------+----------+-------------------------------------------
     0 | D:1      | qw the Gargoyle Fighter began the quest for the Orb.
     0 | D:1      | Reached XP level 1. HP: 14/14 MP: 1/1
     0 | D:1      | 0 ||| qw: Version: 0.3-a-2-g5ab2908
     0 | D:1      | 0 ||| qw: Game counter: 193
     0 | D:1      | 0 ||| qw: Always use a shield: true
     0 | D:1      | 0 ||| qw: God list: Okawaru
     0 | D:1      | 0 ||| qw: Allow faded altars: false
     0 | D:1      | 0 ||| qw: Do Orc after D:15 true
     0 | D:1      | 0 ||| qw: Do second Lair branch before Depths: true
     0 | D:1      | 0 ||| qw: Lair rune preference: random
     0 | D:1      | 0 ||| qw: Plans: Normal, Zot:1-4, Slime:5, God:TSO, Crypt,
                  | Tomb, Abyss, Pan, Hells, Win
     0 | D:1      | 0 ||| PLANNING D:1-11
   290 | D:1      | Reached XP level 2. HP: 19/19 MP: 2/2
   510 | D:1      | Reached skill level 3 in Axes
   628 | D:1      | 628 ||| Stepping ~*~*~tactically~*~*~ (stealth).
   637 | D:1      | Reached XP level 3. HP: 23/23 MP: 3/3
   858 | D:1      | 858 ||| UPGRADING to scarf of repulsion.
   863 | D:1      | 863 ||| UPGRADING to +6 ring of strength.
   864 | D:1      | 864 ||| READING 2 scrolls labelled XYELLUED YNAI.
   865 | D:1      | 865 ||| READING scroll labelled WIPIMO XIYS.
   866 | D:1      | 866 ||| READING scroll labelled RUENTA GUJOBBI.
   959 | D:2      | 959 ||| Stepping ~*~*~tactically~*~*~ (stealth).
  1038 | D:2      | Identified the staff of fire "Gikhakk Uple" {Fly rF+
                  | Will++}
  1290 | D:2      | 1290 ||| DRINKING 2 lumpy puce potions.
  1314 | D:3      | Found a stormy altar of Qazlal.
  1320 | D:3      | Noticed an ogre
  1322 | D:3      | Reached XP level 4. HP: 28/28 MP: 4/4
  1330 | D:3      | HP: 2/28 [ogre/+0 giant club (20)]
  1331 | D:3      | 1331 ||| DRINKING potion of heal wounds.
  1333 | D:3      | Demolished by an ogre

Levels and vault maps discovered:
D:1:      evilmike_arrival_rings, layout_basic, roderic_nine_men_s_morris,
          minmay_misc_feat_rugged
D:2:      layout_rooms, kennysheep_crisscross
D:3:      layout_basic, lemuel_zombie_altar_kikubaaqudgha,
          mainiacjoe_overflow_paths, mainiacjoe_overflow_concentric_impassable,
          shapermc_ecumenical_altar_hornbeckon, serial_undead, serial_undead_a,
          serial_undead_c, serial_undead_b, serial_undead_e,
          minmay_snake_closets

Skill      XL: |  1  2 |
---------------+-------+-----
Axes           | 2 3 |  3.8
Fighting       | |  3.2
Armour         | |  3.2
Shields        | |  3.2

Action                     |  1- 3 |  4- 6 || total
---------------------------+-------+-------++-------
  Melee: War axe           |    84 |     9 ||    93
    Use: Scroll            |     3 |       ||     3
         Potion            |     1 |     1 ||     2
 Armour: Scale mail        |    42 |     2 ||    44
  Dodge: Dodged            |    29 |     1 ||    30
  Block: Buckler           |    17 |     1 ||    18

Table legend:
 A = Non-vault XP
 B = Vault XP
 C = Vault XP percentage of total XP
 D = Non-vault monster count
 E = Vault monster count
 F = Vault count percentage of total count
                 A         B        C        D         E       F
            +---------+---------+-------+---------+---------+-------
      Total |      88 |       0 |   0.0 |      44 |       0 |   0.0
            +---------+---------+-------+---------+---------+-------
        D:1 |      49 |       0 |   0.0 |      30 |       0 |   0.0
        D:2 |      31 |       0 |   0.0 |      11 |       0 |   0.0
        D:3 |       8 |       0 |   0.0 |       3 |       0 |   0.0
            +---------+---------+-------+---------+---------+-------
